 Dungeon Crawl Stone Soup version 0.31.0-9-g3a7656b989 (webtiles) character file.

Game seed: 8260387265100023925

175 qw the Ducker (level 5, 0/26 HPs)
             Began as a Spriggan Hunter on Feb 2, 2024.
             Succumbed to an adder's poison
             ... on level 3 of the Dungeon.
             The game lasted 00:00:05 (1909 turns).

qw the Ducker (Spriggan Hunter)                     Turns: 1909, Time: 00:00:05

Health: 0/26       AC:  3    Str:  7    XL:     5   Next: 29%
Magic:  6/6        EV: 21    Int: 10    God:
Gold:   57         SH:  0    Dex: 21    Spells: 4/4 levels left

rFire   . . .        a - +0 shortbow
rCold   . . .        (shield currently unavailable)
rNeg    . . .        c - +0 robe
rPois   .            (helmet restricted)
rElec   .            h - +0 cloak
rCorr   .            (gloves unavailable)
SInv    +            (boots unavailable)
Will    .....        (no amulet)
Stlth   ++           (no ring)
HPRegen 0.24/turn    (no ring)
MPRegen 0.10/turn

%: no passive effects
@: lethally poisoned (0 -> -3), about to teleport, very quick
A: very small, no large weapons, unfitting armour, see invisible, speed 3
a: no special abilities


You were on level 3 of the Dungeon.
You visited 1 branch of the dungeon, and saw 3 of its levels.

You collected 57 gold pieces.


Innate Abilities, Weirdness & Mutations

You are very small and have problems with some larger weapons.
You are too small for most types of armour.
You have supernaturally acute eyesight. (SInv)
You cover ground extremely quickly. (Speed+++)


   Skills:
 - Level 2.0 Fighting
 + Level 5.3 Ranged Weapons
 - Level 5.4 Dodging
 - Level 1.5 Stealth


You had 4 spell levels left.
You didn't know any spells.
Your spell library was empty.

Inventory:

Hand Weapons
 a - a +0 shortbow (weapon)
Armour
 c - a +0 robe (worn)
 h - a +0 cloak (worn)
Scrolls
 i - a scroll of teleportation
Potions
 d - a potion of mutation {unknown}
 e - a potion of attraction {unknown}
 f - a potion of lignification {unknown}
 g - a potion of brilliance {unknown}

Dungeon Overview and Level Annotations

Branches:
Dungeon (3/15)

Altars:


Message History

1901 ||| READING 3 scrolls of teleportation.
As you read the scroll of teleportation, it crumbles to dust.
You feel strangely unstable. The orc priest misses you.
The orc barely misses you. The frilled lizard misses you. The orc misses you.
You shoot an arrow.
The arrow closely misses the orc priest.
The orc hits you with a +0 flail. The orc priest barely misses you.
The frilled lizard closely misses you. The orc misses you.
You shoot an arrow. The arrow hits the orc priest.
The orc priest is severely wounded.
The orc priest closely misses you. The frilled lizard bites you.
The orc hits you but does no damage. The orc completely misses you.
You shoot an arrow.
The arrow closely misses the orc priest.
The orc priest barely misses you. The orc completely misses you. x2
The frilled lizard completely misses you.
The orc priest looks braver for a moment.
The orc completely misses you. The orc closely misses you.
The frilled lizard bites you.
You shoot an arrow. The arrow hits the orc priest.
You kill the orc priest!
Your surroundings suddenly seem different.
An adder comes into view.
The adder hisses angrily.
You shoot an arrow. The arrow hits the adder.
The adder is lightly wounded.
You shoot an arrow. The arrow hits the adder!
The adder is almost dead.
A goblin comes into view. It is wielding a +0 club.
1908 ||| READING 2 scrolls of teleportation.
As you read the scroll of teleportation, it crumbles to dust.
You feel strangely unstable.
The goblin shouts!
The adder bites you.
You are lethally poisoned!
The adder poisons you!
You shoot an arrow. The arrow hits the adder!
You kill the adder!
You die...

. # .#. ..
... .# ..#
.. ..# .#
..### .#
.<..#
..### ##.#
..###
#.....#..#
.##
#...@.# ##
##.#%.# #.
...# ..
..... .g
..###.# ..
..# .# .
..# .. .##
...


You could see a goblin.

Vanquished Creatures
  An orc priest (D:3)
  Natasha (thrice) (D:2)
  3 adders
  4 dart slugs (D:1)
  An orc (D:3)
  7 ball pythons
  3 endoplasms (D:2)
  A giant cockroach (D:2)
  4 goblins
  4 hobgoblins (D:1)
  3 quokkas
  2 bats
  A frilled lizard (D:1)
  7 kobolds
  5 rats
49 creatures vanquished.

Notes
Turn   | Place    | Note
-------+----------+-------------------------------------------
     0 | D:1      | qw the Spriggan Hunter began the quest for the Orb.
     0 | D:1      | Reached XP level 1. HP: 10/10 MP: 2/2
     0 | D:1      | 0 ||| qw: Version: 0.3-a-155-g5e7d8dd
     0 | D:1      | 0 ||| qw: Game counter: 1554
     0 | D:1      | 0 ||| qw: Melee chars always use a shield: true
     0 | D:1      | 0 ||| qw: God list: Okawaru
     0 | D:1      | 0 ||| qw: Allow faded altars: false
     0 | D:1      | 0 ||| qw: Do Orc after clearing Dungeon:15 true
     0 | D:1      | 0 ||| qw: Do second Lair branch before Depths: true
     0 | D:1      | 0 ||| qw: Lair rune preference: random
     0 | D:1      | 0 ||| qw: Goals: Normal
     0 | D:1      | 0 ||| PLANNING D:1-11
   150 | D:1      | Reached skill level 3 in Dodging
   175 | D:1      | Reached XP level 2. HP: 14/14 MP: 3/3
   521 | D:1      | Found a faded altar of an unknown god.
   567 | D:1      | Reached XP level 3. HP: 18/18 MP: 4/4
  1215 | D:1      | 1215 ||| UPGRADING to +0 cloak.
  1220 | D:1      | 1220 ||| DROPPING scroll of butterflies.
  1329 | D:2      | Noticed Natasha
  1332 | D:2      | Killed Natasha
  1458 | D:2      | Noticed Natasha
  1462 | D:2      | Killed Natasha
  1463 | D:2      | Reached XP level 4. HP: 15/22 MP: 5/5
  1577 | D:2      | Noticed Natasha
  1585 | D:2      | Killed Natasha
  1840 | D:2      | 1840 ||| READING 4 scrolls labelled GYNEBA HELON.
  1843 | D:2      | 1843 ||| READING scroll labelled BASIRU ZESIOCOE.
  1843 | D:2      | 1843 ||| IDENTIFYING bubbling ruby potion
  1844 | D:2      | 1844 ||| DROPPING potion of invisibility.
  1874 | D:3      | 1874 ||| STAIRDANCE
  1897 | D:3      | Reached XP level 5. HP: 12/26 MP: 6/6
  1900 | D:3      | HP: 6/26 [orc priest/nerve-wracking pain (8)]
  1901 | D:3      | 1901 ||| READING 3 scrolls of teleportation.
  1903 | D:3      | HP: 2/26 [frilled lizard (3)]
  1908 | D:3      | 1908 ||| READING 2 scrolls of teleportation.
  1908 | D:3      | HP: 2/26 [adder (1)]
  1909 | D:3      | Succumbed to an adder's poison

Levels and vault maps discovered:
D:1:      matt_arrival_spirals, layout_basic, basic_ecumenical_altar
D:2:      layout_basic, uniq_natasha
D:3:      layout_rooms

Skill      XL: |  1  2  3  4  5 |
---------------+----------------+-----
Dodging        | 3 4 5 |  5.4
Ranged Weapons | 5 |  5.3
Fighting       | 2 |  2.0
Stealth        | |  1.5

Action                     |  1- 3 |  4- 6 || total
---------------------------+-------+-------++-------
   Fire: Shortbow          |    64 |    44 ||   108
    Use: Scroll            |       |     4 ||     4
 Armour: Robe              |     2 |    15 ||    17
  Dodge: Dodged            |    13 |    42 ||    55

Table legend:
 A = Non-vault XP
 B = Vault XP
 C = Vault XP percentage of total XP
 D = Non-vault monster count
 E = Vault monster count
 F = Vault count percentage of total count
                 A         B        C        D         E       F
            +---------+---------+-------+---------+---------+-------
      Total |     228 |      35 |  13.3 |      48 |       1 |   2.0
            +---------+---------+-------+---------+---------+-------
        D:1 |      49 |       0 |   0.0 |      25 |       0 |   0.0
        D:2 |     108 |      35 |  24.5 |      18 |       1 |   5.3
        D:3 |      71 |       0 |   0.0 |       5 |       0 |   0.0
            +---------+---------+-------+---------+---------+-------
